 Dungeon Crawl Stone Soup version 0.29-a0-973-gac7da5f7f0 (webtiles) character file.

Game seed: 3421088868758644348

1000 spiderkeys the Trooper (level 8, -3/62 HPs)
             Began as an Octopode Berserker on July 31, 2022.
             Was a Priest of Trog.
             Slain by an orc wizard
             ... wielding a +1 dagger of venom
              (4 damage)
             ... on level 5 of the Dungeon.
             The game lasted 00:07:54 (4961 turns).

spiderkeys the Trooper (Octopode Berserker)         Turns: 4961, Time: 00:07:55

Health: -3/62      AC:  1    Str: 19    XL:     8   Next: 19%
Magic:  8/8        EV: 15    Int: 12    God:    Trog [***...]
Gold:   193        SH:  0    Dex: 12    Spells: 7/7 levels left

rFire   . . .      SeeInvis .   a - +0 spear
rCold   . . .      Faith    +   (no shield)
rNeg    . . .      Spirit   .   (helmet restricted)
rPois   .          Reflect  .   T - amulet of faith {!P}
rElec   .          Harm     .   (no ring)
rCorr   .          Rampage  .   (no ring)
Will    .....                   (no ring)
Stlth   ++........              (no ring)
HPRegen 0.20/turn               (no ring)
MPRegen 0.11/turn               (no ring)
                                (no ring)
                                (no ring)

@: mighty, on berserk cooldown, slowed, very slow
A: almost no armour, amphibious, 8 rings, camouflage 1, gelatinous body 1,
(nimble swimmer 1), tentacles, clever 1, robust 1, strong 1, wild magic 1
a: Renounce Religion, Berserk, Trog's Hand


You were on level 5 of the Dungeon.
You worshipped Trog.
Trog was most pleased with you.
You visited 1 branch of the dungeon, and saw 5 of its levels.

You collected 193 gold pieces.


Innate Abilities, Weirdness & Mutations

You cannot wear most types of armour.
You are amphibious.
You can wear up to eight rings at the same time.
Your skin changes colour to match your surroundings (Stealth+).
Your rubbery body absorbs attacks. (AC +1, EV +1)
((You are camouflaged when in or above water. (Stealth+)))
You have tentacles for arms and can constrict up to eight enemies at once.
Your mind is acute. (Int +4, Str/Dex -1)
You are robust. (+10% HP)
Your muscles are strong. (Str +4, Int/Dex -1)
Your spells are a little harder to cast, but a little more powerful.


   Skills:
 + Level 6.1 Fighting
 + Level 6.1 Polearms
 + Level 6.1 Dodging


You had 7 spell levels left.
You didn't know any spells.
Your spell library contained the following spells:

 Spells                   Type           Power      Damage    Failure   Level
 Conjure Flame            Conj/Fire      0%         6-21      77%         3
 Ignite Poison            Fire/Tmut/Pois 0%         N/A       77%         3
 Portal Projectile        Hex/Tloc       0%         N/A       77%         3
 Stone Arrow              Conj/Erth      0%         3d7       77%         3
 Tukima's Dance           Hex            0%         N/A       77%         3
 Sticky Flame             Conj/Fire      0%         2d3       98%         4
 Blade Hands              Tmut           0%         N/A       100%        5
 Lehudib's Crystal Spear  Conj/Erth      0%         10d2      100%        8
 Animate Armour           Summ/Erth      Unusable   N/A       N/A         4

Inventory:

Hand Weapons
 a - a +0 spear (weapon)
 s - the +8 spear of Exchange {distort, rElec Str+3}
   (You found it on level 4 of the Dungeon)

   It warps and distorts space around it, and may blink, banish, or inflict
   extra damage upon those it strikes.
   Unwielding it can cause banishment or high damage.
   Str:       It affects your strength (+3).
   rElec:     It insulates you from electricity.
Missiles
 c - 51 stones (quivered)
 d - 21 poisoned darts
 g - 4 boomerangs
Magical Staves
 n - a staff of conjuration {forbidden!a}
   (You found it on level 4 of the Dungeon)
 p - a staff of cold {forbidden!a}
   (You found it on level 4 of the Dungeon)
Jewellery
 T - an amulet of faith (around mantle) {!P}
   (You found it on level 2 of the Dungeon)
Wands
 m - a wand of flame (18)
   (You found it on level 4 of the Dungeon)
 t - a wand of roots (9)
   (You found it on level 5 of the Dungeon)
Scrolls
 b - 3 scrolls of vulnerability {unknown}
 e - 2 scrolls of poison {unknown}
 i - 3 scrolls of identify {unknown}
 l - a scroll of immolation {unknown}
 o - a scroll of summoning {unknown}
 q - 3 scrolls of teleportation {unknown}
 r - a scroll of fog {unknown}
Potions
 h - a potion of mutation {!q}
 j - 2 potions of might

Dungeon Overview and Level Annotations

Branches:
Dungeon (5/15) Zot: 25027
 Temple: D:4-7

Altars:
Nemelex Xobeh

Shops:
D:1 (   D:2 *

Annotations:
D:4 1 runed translucent door, Crazy Yiuf

......#.†....#.#.####.#
#.l.######.#.# .#
###...# #.#.# <# #
#.....# #.#.# ##
##)###...#####.#.# #
#!..#.......##.#.# #.
#....####.##.#.# #.
###.#.##.# ##.. #.
#....@{S.# #..
###.##{#)# #..[......
.............
............?...
.#######+#####..# ...
..


You could see an iguana (wandering) and an adder.


Message History

You take 7 damage, and now have 25/85 hp.
You miss something.
You feel sick. 😨 HP[-2]
You take 2 damage, and now have 23/85 hp.
Unknown command.
You bump into the rock wall.
You feel sick. Something hits you.
* * * LOW HITPOINT WARNING * * *
You are lethally poisoned!
Something hits you.
* * * LOW HITPOINT WARNING * * *
😱 HP[-7]
You take 7 damage, and now have 16/85 hp.
You feel a strong urge to attack something.
You are no longer berserk.
You are exhausted.
You feel yourself slow down.
* * * LOW HITPOINT WARNING * * *
You feel sick. 😱 HP[-7]
You now have 57 max hp (-28).
It was a potion of heal wounds.
You feel much better.
You feel less confused.
You feel very sick. Something closely misses you.
Something completely misses you.
You hear some strange, mumbled words.
A magic dart appears from out of thin air!
The magic dart hits you!
* * * LOW HITPOINT WARNING * * *
😨 HP[+10]
You regained 10 hp, and now have 19/57 hp.
Unknown command.
You feel much better.
You feel very sick. Something hits you but does no damage. Something hits you.
You are more poisoned. 😮 HP[+11]
You regained 11 hp, and now have 30/57 hp.
It was a potion of might.
You feel very mighty all of a sudden.
You feel extremely sick. Something hits you.
* * * LOW HITPOINT WARNING * * *
You are lethally poisoned!
You hear some strange, mumbled words.
Something tries to affect you, but you resist.
Something hits you.
* * * LOW HITPOINT WARNING * * *
Something hits you.
* * * LOW HITPOINT WARNING * * *
You are more poisoned. 😱 HP[-16]
You take 16 damage, and now have 14/57 hp.
MASSIVE DAMAGE!! (PAUSE)
You feel much better.
* * * LOW HITPOINT WARNING * * *
You feel extremely sick.
You hear some strange, mumbled words.
A magic dart appears from out of thin air!
The magic dart hits you!
* * * LOW HITPOINT WARNING * * *
Something hits you.
* * * LOW HITPOINT WARNING * * *
You are more poisoned. 😱 HP[-1]
You take 1 damage, and now have 13/57 hp.
Unknown command.
It was a potion of curing.
You feel better. Something hits you.
* * * LOW HITPOINT WARNING * * *
Something hits you.
* * * LOW HITPOINT WARNING * * *
Something hits you.
* * * LOW HITPOINT WARNING * * *
You are lethally poisoned!
Something hits you.
* * * LOW HITPOINT WARNING * * *
😱 HP[-3]
You take 3 damage, and now have 10/57 hp.
It was a potion of mutation.
You feel extremely strange.
You feel stronger.
You feel clever.
You feel robust.
You feel less in control of your magic.
* * * LOW HITPOINT WARNING * * *
You feel very sick.
You hear some strange, mumbled words.
You are confused.
Something hits you.
* * * LOW HITPOINT WARNING * * *
You are more poisoned. 😱 HP[-5]
You now have 62 max hp (+5).
Okay, then.
You are too confused!
You feel better.
An iguana comes into view.
Something hits you but does no damage. Something barely misses you.
You hear some strange, mumbled words.
A puff of flame appears from out of thin air!
The puff of flame hits you!
* * * LOW HITPOINT WARNING * * *
Something hits you.
You die...

Skill      XL: |  1  2  3  4  5  6  7  8 |
---------------+-------------------------+-----
Fighting       | 4 5 6 |  6.1
Polearms       | 4 5 6 |  6.1
Dodging        | 4 5 6 |  6.1

Action                   |  1- 3 |  4- 6 |  7- 9 || total
-------------------------+-------+-------+-------++-------
Melee: Spear             |   108 |    98 |   100 ||   306
       Constrict         |    17 |    20 |    20 ||    57
       Tentacles         |    14 |    16 |    23 ||    53
       Punch             |       |       |     3 ||     3
Throw: Boomerang         |       |       |     2 ||     2
Invok: Berserk           |       |     2 |     3 ||     5
  Use: Potion            |       |       |     7 ||     7
 Stab: Sleeping          |    11 |     5 |     3 ||    19
Armor: Skin              |     3 |     2 |     7 ||    12
Dodge: Dodged            |    42 |    46 |    31 ||   119

Levels and vault maps discovered:
D:1:      dpeg_arrival_arbitrary_b, layout_loops_corners, serial_shops, shop,
          due_unseen_surprise
D:2:      layout_basic, shapermc_ecumenical_altar_pompeii, serial_shops,
          nicolae_shop_trees
D:3:      layout_rooms, old_standard_altar, uniq_natasha
D:4:      layout_basic, uniq_robin, uniq_grinder, uniq_crazy_yiuf_cottage
D:5:      layout_basic, nicolae_ru_great_annihilating_truth, serial_shops,
          nicolae_take_the_stairs, hangedman_decor_lopped, minmay_between

Notes
Turn   | Place    | Note
-------+----------+-------------------------------------------
     0 | D:1      | spiderkeys the Octopode Berserker began the quest for the
                  | Orb.
     0 | D:1      | Reached XP level 1. HP: 16/16 MP: 1/1
     0 | D:1      | magus.rc [v1.11.3]
    76 | D:1      | HP: 4/16 [jackal (3)]
   326 | D:1      | Reached XP level 2. HP: 21/21 MP: 2/2
   530 | D:1      | Found Sofifeq's Weapon Shop.
   809 | D:1      | Reached XP level 3. HP: 25/26 MP: 3/3
   829 | D:1      | You fall into a shaft and drop 1 floor!
   929 | D:2      | You pick up a book of Armaments {forbidden} and begin
                  | reading...
   929 | D:2      | You add the spells Stone Arrow and Lehudib's Crystal Spear
                  | to your library.
  1093 | D:1      | You add the spells Conjure Flame, Ignite Poison and Sticky
                  | Flame to your library.
  1181 | D:1      | Reached ** piety under Trog
  1606 | D:2      | Reached XP level 4. HP: 29/32 MP: 4/4
  1886 | D:2      | Found Vacue's General Store.
  2083 | D:2      | Found a faded altar of an unknown god.
  2307 | D:3      | Found a sparkling altar of Nemelex Xobeh.
  2344 | D:3      | Noticed an ice beast
  2353 | D:3      | Killed an ice beast
  2354 | D:3      | Reached skill level 4 in Fighting
  2354 | D:3      | Reached skill level 4 in Polearms
  2354 | D:3      | Reached skill level 4 in Dodging
  2354 | D:3      | Reached XP level 5. HP: 37/37 MP: 5/5
  2528 | D:3      | Noticed Natasha
  2536 | D:3      | Killed Natasha
  2541 | D:3      | Reached XP level 6. HP: 44/44 MP: 6/6
  2967 | D:4      | Noticed Grinder
  2968 | D:4      | Paralysed by Grinder for 2 turns
  2978 | D:4      | Killed Grinder
  2979 | D:4      | Reached skill level 5 in Fighting
  2979 | D:4      | Reached skill level 5 in Polearms
  2979 | D:4      | Reached skill level 5 in Dodging
  2979 | D:4      | Reached XP level 7. HP: 34/50 MP: 7/7
  3428 | D:4      | You pick up a book of Weapons {forbidden} and begin
                  | reading...
  3428 | D:4      | You add the spells Tukima's Dance, Portal Projectile and
                  | Blade Hands to your library.
  3459 | D:4      | Noticed Robin
  3492 | D:4      | Killed Robin
  4205 | D:4      | Identified the +8 spear of Exchange {distort, rElec Str+3}
  4285 | D:4      | Found a runed translucent door.
  4286 | D:4      | Noticed Crazy Yiuf
  4322 | D:5      | Entered Level 5 of the Dungeon
  4674 | D:5      | Reached *** piety under Trog
  4812 | D:5      | Reached XP level 8. HP: 51/57 MP: 8/8
  4874 | D:5      | Reached skill level 6 in Fighting
  4877 | D:5      | Reached skill level 6 in Polearms
  4877 | D:5      | Reached skill level 6 in Dodging
  4953 | D:5      | HP: 21/85 [poisoned by an orc wizard]
  4954 | D:5      | HP: 9/57 [poisoned by an orc wizard]
  4959 | D:5      | HP: 14/57 [something (1)]
  4960 | D:5      | Gained mutation: Your muscles are strong. (Str +4, Int/Dex
                  | -1) [potion of mutation]
  4960 | D:5      | Gained mutation: Your mind is acute. (Int +4, Str/Dex -1)
                  | [potion of mutation]
  4960 | D:5      | Gained mutation: You are robust. (+10% HP) [potion of
                  | mutation]
  4960 | D:5      | Gained mutation: Your spells are a little harder to cast,
                  | but a little more powerful. [potion of mutation]
  4960 | D:5      | HP: 6/62 [poisoned by an orc wizard]
  4961 | D:5      | HP: 1/62 [something/puff of flame (12)]
  4961 | D:5      | Slain by an orc wizard

Vanquished Creatures
  Grinder (D:4)
  An ice beast (D:3)
  An ogre (D:4)
  A centaur (D:4)
  A phantom (D:5)
  2 scorpions
  A hound (D:5)
  An orc priest (D:5)
  A jelly (D:5)
  Natasha (D:3)
  3 orc wizards (D:5)
  Robin (D:4)
  2 adders (D:2)
  4 worms
  2 dart slugs
  9 orcs
  5 bats
  10 endoplasms
  A giant cockroach (D:1)
  9 goblins
  10 hobgoblins
  9 jackals
  7 quokkas
  5 ball pythons
  2 frilled lizards
  9 kobolds
  3 rats (D:1)
102 creatures vanquished.

Table legend:
 A = Non-vault XP
 B = Vault XP
 C = Vault XP percentage of total XP
 D = Non-vault monster count
 E = Vault monster count
 F = Vault count percentage of total count
                 A         B        C        D         E       F
            +---------+---------+-------+---------+---------+-------
      Total |     944 |     485 |  33.9 |      91 |      11 |  10.8
            +---------+---------+-------+---------+---------+-------
        D:1 |      49 |       0 |   0.0 |      29 |       0 |   0.0
        D:2 |      81 |       0 |   0.0 |      25 |       0 |   0.0
        D:3 |     158 |      36 |  18.6 |      12 |       1 |   7.7
        D:4 |     340 |     317 |  48.2 |      11 |       8 |  42.1
        D:5 |     316 |     132 |  29.5 |      14 |       2 |  12.5
            +---------+---------+-------+---------+---------+-------

Illustrated notes

Table legend:
 A = Kills in this place as a percentage of kills in entire the game.
 B = Kills by you in this place as a percentage of kills by you in the entire game.
 C = Kills by friends in this place as a percentage of kills by friends in the entire game.
 D = Other kills in this place as a percentage of other kills in the entire game.
 E = Experience gained in this place as a percentage of experience gained in the entire game.
 F = Experience gained in this place divided by the number of levels of this place that you have seen.
                   A       B       C       D       E      F
               +-------+-------+-------+-------+-------+----------------------
         Total | 100.0 | 100.0 |   N/A |   N/A | 100.0 | 285.8
       Dungeon | 100.0 | 100.0 |   N/A |   N/A | 100.0 | 285.8
               +-------+-------+-------+-------+-------+----------------------

Table legend: (Time is in decaauts)
 A = Elapsed time spent in this place.
 B = Non-inter-level travel time spent in this place.
 C = Inter-level travel time spent in this place.
 D = Time resting spent in this place.
 E = Time spent auto-exploring this place.
 F = Levels seen in this place.
 G = Mean time per level.
                   A        B        C        D        E       F      G
               +--------+--------+--------+--------+--------+-----+--------+
         Total |   4971 |   4829 |    142 |    333 |   3796 |   5 |  994.2 |
       Dungeon |   4971 |   4829 |    142 |    333 |   3796 |   5 |  994.2 |
               +--------+--------+--------+--------+--------+-----+--------+

Top non-repeatable levels by time:
     D:4: 1493 daAuts
     D:1: 1296 daAuts
     D:2: 916 daAuts
     D:5: 635 daAuts
     D:3: 629 daAuts
